 Dungeon Crawl Stone Soup version 0.27-a0-819-g058290f16d (webtiles) character file.

Game seed: 17195746146960234419

61 tilp the Skirmisher (level 4, 0/52 HPs)
             Began as an Ogre Brigand on Mar 29, 2021.
             Was an Initiate of Ru.
             Slain by a water moccasin (4 damage)
             ... on level 3 of the Dungeon.
             The game lasted 00:03:18 (1832 turns).

tilp the Skirmisher (Ogre Brigand)                  Turns: 1832, Time: 00:03:18

Health: 0/52       AC:  4    Str: 15    XL:     4   Next: 7%
Magic:  4/4        EV:  9    Int: 13    God:    Ru [......]
Gold:   87         SH:  0    Dex: 10    Spells: 3/3 levels left

rFire    . . .     SeeInvis .   a - +1 dagger (venom)
rCold    . . .     Faith    .   (no shield)
rNeg     . . .     Spirit   .   f - +0 robe
rPois    .         Reflect  .   (helmet restricted)
rElec    .         Harm     .   c - +0 cloak
rCorr    .         Rampage  .   (gloves unavailable)
Will     .....                  (boots unavailable)
Stlth    ++........             k - amulet of the acrobat
HPRegen  0.17/turn              (no ring)
MPRegen  0.09/turn              (no ring)

@: lethally poisoned (0 -> -9)
A: large, unfitting armour, tough skin 1
a: Renounce Religion


You were on level 3 of the Dungeon.
You worshipped Ru.
Ru was noncommittal.
You visited 1 branch of the dungeon, and saw 3 of its levels.

You collected 87 gold pieces.

Inventory:

Hand Weapons
 a - a +1 dagger of venom (weapon)
 b - a +2 dagger
Missiles
 d - 8 poisoned darts (quivered)
 h - 68 stones
Armour
 c - a +0 cloak (worn)
 f - a +0 robe (worn)
 p - a +0 kite shield
Jewellery
 k - an amulet of the acrobat (around neck)
 o - a ring of protection from fire
 r - an amulet of guardian spirit
Scrolls
 i - a scroll of fear
 j - a scroll of magic mapping {unknown}
 m - a scroll of identify {unknown}
 n - a scroll of fog


   Skills:
 + Level 5.6 Fighting
 - Level 1.7 Short Blades
 - Level 2.0 Throwing
 - Level 0.8 Dodging
 - Level 2.9 Stealth


You had 3 spell levels left.
You didn't know any spells.
Your spell library was empty.

Dungeon Overview and Level Annotations

Branches:
Dungeon (3/15)

Altars:
Qazlal
Ru
Wu Jian

Shops:
D:2 [


Innate Abilities, Weirdness & Mutations

You are too large for most types of armour.
You have tough skin. (AC +1)


Message History

You miss the water moccasin.
The water moccasin is lightly wounded.
You feel sick. The water moccasin bites you.
* * * LOW HITPOINT WARNING * * *
You are lethally poisoned!
The water moccasin poisons you! The water moccasin bites you.
* * * LOW HITPOINT WARNING * * *
It was a potion of curing.
You feel better. The water moccasin bites you.
* * * LOW HITPOINT WARNING * * *
You are lethally poisoned!
The water moccasin poisons you!
Unknown command.
It was a potion of might.
You feel very mighty all of a sudden.
* * * LOW HITPOINT WARNING * * *
You feel very sick.
The water moccasin completely misses you.
Unknown command.
It was a potion of cancellation.
Your magical effects are unravelling.
You feel magically purged.
You feel a little less mighty now.
* * * LOW HITPOINT WARNING * * *
You feel very sick.
The water moccasin bites you but does no damage.
The water moccasin barely misses you.
You barely miss the water moccasin.
The water moccasin is lightly wounded.
* * * LOW HITPOINT WARNING * * *
You feel sick. The water moccasin closely misses you.
You hit the water moccasin but do no damage.
The water moccasin is lightly wounded.
* * * LOW HITPOINT WARNING * * *
You feel sick. The water moccasin bites you.
* * * LOW HITPOINT WARNING * * *
You closely miss the water moccasin.
The water moccasin is lightly wounded.
* * * LOW HITPOINT WARNING * * *
You feel sick. The water moccasin bites you.
You die...

#.. ##### #..#
..(.# ##..# #(.##
#..# #S@# ####.##
##.###.....########
#..............(..
#####.....#######.
#.....# ##
..######.....#
.............# ###
.............# #..
.######....### #.#


You could see a water moccasin.

Vanquished Creatures
  3 worms
  A dart slug (D:1)
  5 bats
  4 endoplasms
  A giant cockroach (D:1)
  5 hobgoblins
  2 jackals (D:1)
  5 quokkas
  5 ball pythons
  2 frilled lizards
  5 goblins
  3 kobolds
  5 rats
46 creatures vanquished.

Notes
Turn   | Place    | Note
-------+----------+-------------------------------------------
     0 | D:1      | tilp the Ogre Brigand began the quest for the Orb.
     0 | D:1      | Reached XP level 1. HP: 22/22 MP: 1/1
    32 | D:1      | Reached skill level 3 in Fighting
   213 | D:1      | Reached XP level 2. HP: 32/32 MP: 2/2
   520 | D:1      | Reached skill level 4 in Fighting
   845 | D:1      | Reached XP level 3. HP: 40/40 MP: 3/3
  1105 | D:2      | Reached skill level 5 in Fighting
  1346 | D:2      | Found Nethrue's Armour Emporium.
  1366 | D:2      | Found an ornate altar of the Wu Jian Council.
  1366 | D:2      | Found a sacrificial altar of Ru.
  1366 | D:2      | Found a stormy altar of Qazlal.
  1592 | D:2      | Became a worshipper of Ru the Awakened
  1626 | D:3      | Reached XP level 4. HP: 27/50 MP: 4/4
  1817 | D:3      | Noticed a water moccasin
  1832 | D:3      | Slain by a water moccasin

Illustrated notes

Levels and vault maps discovered:
D:1:      dpeg_arrival_renting, layout_basic, bh_walls_and_bars
D:2:      minmay_recursive_quarters, layout_loops_cross,
          chequers_temple_overflow_statue_of_worship, serial_shops,
          nicolae_shop_crystal, small_statue_intersection, grunt_ministairs_14
D:3:      layout_rooms, elyvilon_altar_1, ebering_ghost_disaster_area,
          serial_shops, shop_statue, grunt_decor_resistance

Skill      XL: |  1  2  3 |
---------------+----------+-----
Fighting       | 3 4 5 |  5.6
Short Blades   | |  1.7
Throwing       | |  2.0
Dodging        | |  0.8
Stealth        | |  2.9

Action                   |  1- 3 |  4- 6 || total
-------------------------+-------+-------++-------
Melee: Dagger            |   118 |    11 ||   129
Throw: Dart              |     1 |     2 ||     3
  Use: Scroll            |     2 |       ||     2
       Potion            |       |     3 ||     3
 Stab: Sleeping          |     9 |     1 ||    10
Armor: Robe              |    33 |     1 ||    34
Dodge: Dodged            |    61 |     6 ||    67

Table legend: (Time is in decaauts)
 A = Elapsed time spent in this place.
 B = Non-inter-level travel time spent in this place.
 C = Inter-level travel time spent in this place.
 D = Time resting spent in this place.
 E = Time spent auto-exploring this place.
 F = Levels seen in this place.
 G = Mean time per level.
                   A        B        C        D        E       F      G
               +--------+--------+--------+--------+--------+-----+--------+
         Total |   1821 |   1664 |    157 |    128 |   1268 |   3 |  607.0 |
       Dungeon |   1821 |   1664 |    157 |    128 |   1268 |   3 |  607.0 |
               +--------+--------+--------+--------+--------+-----+--------+

Top non-repeatable levels by time:
     D:1: 959 daAuts
     D:2: 646 daAuts
     D:3: 215 daAuts
